 Dungeon Crawl Stone Soup version 0.17-a0-484-g0e03f6a (console) character file.

3939 MrRokkomies the Destroyer (level 10, -5/61 HPs)
             Began as an Octopode Wizard on Apr 7, 2015.
             Was an Elder of Sif Muna.
             Slain by a warg (8 damage)
             ... on level 7 of the Dungeon on Apr 9, 2015.
             The game lasted 01:24:54 (9629 turns).

MrRokkomies the Destroyer (Octopode Wizard)         Turns: 9629, Time: 01:24:54

Health: -5/61      AC:  8    Str: 12      XL:     10   Next: 21%
Magic:  1/15       EV: 15    Int: 23      God:    Sif Muna [****..]
Gold:   297        SH:  0    Dex: 10 (11) Spells: 5 memorised, 5 levels left

rFire  + . .     SeeInvis .     e - +2 dagger (protect)
rCold  . . .     Clarity  .     (no shield)
rNeg   + . .     SustAb   .     b - +2 hat
rPois  .         Gourm    .     (no amulet)
rElec  .         Spirit   .     m - ring of positive energy
rCorr  .         Warding  .     n - ring of protection from magic
rMut   .         Stasis   .     s - ring of protection from fire (curse)
MR     +....                    (no ring)
Stlth  +++.......               (no ring)
                                (no ring)
                                (no ring)
                                (no ring)

@: mighty, repel missiles, somewhat resistant to hostile enchantments, fairly
stealthy
A: almost no armour, amphibious, 8 rings, constrict 8, camouflage 1, gelatinous
body 1
a: Channel Energy, Forget Spell, Renounce Religion


You were on level 7 of the Dungeon.
You worshipped Sif Muna.
Sif Muna was greatly pleased with you.
You were not hungry.

You visited 1 branch of the dungeon, and saw 9 of its levels.

You collected 297 gold pieces.

Inventory:

Hand weapons
 a - a +1 spear of freezing
 d - a +0 blowgun
 e - a +2 dagger of protection (weapon)
 h - a +2 dagger of venom
 w - the +8 short sword of Icux {antimagic, +Inv rC+ rN++ Dex+3}
   (You found it on level 6 of the Dungeon)

   It disrupts the flow of magical energy around spellcasters and certain
   magical creatures (including the wielder).
   It affects your dexterity (+3).
   It protects you from cold.
   It greatly protects you from negative energy.
   It lets you turn invisible.
Missiles
 v - 3 poisoned needles
Armour
 b - a +2 hat (worn)
 z - a +0 shield of fire resistance
Jewellery
 m - a ring of positive energy (left tentacle)
 n - a ring of protection from magic (right tentacle)
 s - a cursed ring of protection from fire (on tentacle)
Magical devices
 i - a wand of flame (0)
 k - a wand of random effects (14)
 u - a wand of magic darts (18)
 y - a wand of random effects (27)
Scrolls
 g - a scroll of noise
 q - 4 scrolls of remove curse
 B - a scroll of identify
Potions
 f - a potion of resistance
 j - 2 potions of flight
 l - a potion of brilliance
Books
 c - a book of Minor Magic

   Spells                             Type                      Level
   a - Magic Dart                     Conjuration                  1
   b - Blink                          Translocation                2
   c - Call Imp                       Summoning                    2
   d - Repel Missiles                 Charms/Air                   2
   e - Slow                           Hexes                        2
   f - Conjure Flame                  Conjuration/Fire             3
   g - Mephitic Cloud                 Conjuration/Poison/Air       3
 r - a book of Beasts

   Spells                             Type                      Level
   a - Summon Butterflies             Summoning                    1
   b - Call Canine Familiar           Summoning                    3
   c - Summon Ice Beast               Ice/Summoning                4
   d - Summon Mana Viper              Hexes/Summoning              5
   e - Monstrous Menagerie            Summoning                    6
   f - Summon Hydra                   Summoning                    7
Comestibles
 o - 2 beef jerkies
 p - 6 meat rations
 t - 4 bread rations
 A - a chunk of flesh


   Skills:
 * Level 2.4 Fighting
 - Level 7.8 Dodging
 - Level 2.6 Stealth
 * Level 3.9 Spellcasting
 - Level 9.1 Conjurations
   Level 1.0 Summonings
 - Level 1.0 Translocations
 - Level 4.0 Air Magic
 - Level 7.1 Poison Magic


You had 5 spell levels left.
You knew the following spells:

 Your Spells              Type           Power        Failure   Level  Hunger
a - Magic Dart            Conj           ####         1%          1    None
b - Blink                 Tloc           N/A          12%         2    #......
c - Repel Missiles        Chrm/Air       ##....       10%         2    #......
d - Mephitic Cloud        Conj/Pois/Air  #####...     1%          3    ##.....
e - Conjure Flame         Conj/Fire      ####....     6%          3    ##.....


Dungeon Overview and Level Annotations

Branches:
Dungeon (9/15)             Temple (0/1) D:4            Lair (0/8) D:8
    Orc: D:9-12

Altars:
Ashenzari
Cheibriados
Elyvilon
Gozag
Kikubaaqudgha
Nemelex Xobeh
Qazlal
Ru
Sif Muna
Yredelemnul
The Shining One

Shops:
D:6 ?


Innate Abilities, Weirdness & Mutations

You cannot wear most types of armour.
You are amphibious.
You can wear up to eight rings at the same time.
You can use your tentacles to constrict eight enemies at once.
Your skin changes colour to match your surroundings (Stealth).
Your rubbery body absorbs attacks (AC +1).


Message History

Things that are here:
a ring mail; a long sword The warg misses you.
Things that are here:
a robe; a dagger Evoke which item? (* to show all) (? for menu, Esc to quit)
Zapping:
k - a wand of random effects {zapped: 6} (will waste charges)
Press: ? - help, Shift-Dir - straight line, f - warg
Aim: a warg The puff of frost hits the warg.
The warg appears unharmed.
Evoking this partially-identified wand wasted a few charges.
The warg bites you!
* * * LOW HITPOINT WARNING * * *
Drink which item? (? for menu, Esc to quit)
You feel very mighty all of a sudden. The warg misses you.
You hit the warg. Your squeeze misses the warg.
The warg is moderately wounded.
The warg misses you. The warg bites you!
You die...

###########
#..@h..[..#######
#.#######>......# #.#
#....ยง..##.#
###>####.##.##.##.####
#........##.#.........
#.#.##...##.....#.####
#.#.##...##.#...#.# #
#.#..#...##.......# #
#.##.#.........#### #
#.##.#..##.....# #


You could see a warg.

Vanquished Creatures
  Grinder (D:4)
  A polar bear (D:8)
  Sigmund (D:5)
  A human (D:7)
  A hungry ghost (D:4)
  Menkaure (D:5)
  A wolf (D:8)
  An orc warrior (D:6)
  A black bear (D:8)
  A water moccasin (D:6)
  A centaur (D:8)
  4 ice beasts
  3 phantoms
  3 ogres
  A wyvern zombie (D:4)
  2 giant frogs
  3 killer bees (D:7)
  2 scorpions
  2 electric eels (D:8)
  A wight (D:8)
  A giant frog zombie (D:6)
  A crimson imp (D:5)
  2 giant frog skeletons (D:4)
  A goliath beetle (D:7)
  2 quasits
  2 orc priests
  A centaur skeleton (D:6)
  3 orc wizards
  2 hounds
  7 worker ants
  2 iguanas
  The ghost of Karaelmas the Skirmisher, a weakling DsBe of Trog (D:4)
  A hound zombie (D:5)
  A hound skeleton (D:7)
  A worker ant zombie (D:8)
  Robin (D:3)
  15 gnolls
  8 adders
  2 white imps (D:8)
  2 worker ant simulacra (D:8)
  An ufetubus (D:8)
  A worm (D:7)
  An adder zombie (D:8)
  2 adder skeletons
  8 giant geckos
  3 oozes
  15 orcs
  2 ball pythons
  2 bat zombies
  4 giant cockroaches
  23 goblins
  7 hobgoblins
  5 jackals
  16 kobolds
  16 bats
  5 giant newts
  2 giant spores
  A jackal zombie (D:5)
  2 quokkas
  A quokka skeleton (D:4)
  17 rats
  16 ballistomycetes
238 creatures vanquished.

Vanquished Creatures (others)
  A hippogriff (D:7)
  A goblin (D:3)
  A kobold (D:7)
  3 giant spores (D:7)
6 creatures vanquished.

Grand Total: 244 creatures vanquished

Notes
Turn   | Place    | Note
--------------------------------------------------------------
     0 | D:1      | MrRokkomies, the Octopode Wizard, began the quest for the Orb.
     0 | D:1      | Reached XP level 1. HP: 11/11 MP: 4/4
   194 | D:1      | Reached XP level 2. HP: 10/17 MP: 3/6
   693 | D:1      | Reached XP level 3. HP: 11/21 MP: 2/7
   827 | D:1      | Learned a level 2 spell: Blink
   830 | D:1      | Learned a level 2 spell: Repel Missiles
   834 | D:1      | Learned a level 3 spell: Mephitic Cloud
   934 | D:1      | Reached skill level 1 in Poison Magic
  1513 | D:2      | Reached XP level 4. HP: 27/27 MP: 4/8
  1524 | D:2      | Found a deep blue altar of Sif Muna.
  1536 | D:2      | Became a worshipper of Sif Muna the Loreminder
  1732 | D:2      | Found a sacrificial altar of Ru.
  1784 | D:3      | You fall through a shaft!
  1808 | D:4      | Found a shattered altar of Ashenzari.
  1834 | D:3      | Noticed Robin
  1890 | D:3      | Killed Robin
  2015 | D:3      | Reached XP level 5. HP: 22/31 MP: 1/9
  2260 | D:3      | Found a stormy altar of Qazlal.
  2384 | D:3      | Found an ancient bone altar of Kikubaaqudgha.
  2623 | D:4      | Noticed a hungry ghost
  2666 | D:4      | Killed a hungry ghost
  2666 | D:4      | Reached skill level 4 in Conjurations
  2666 | D:4      | Reached XP level 6. HP: 36/36 MP: 0/10
  2752 | D:4      | Found a staircase to the Ecumenical Temple.
  2762 | D:4      | Acquired Sif Muna's first power
  2819 | D:4      | Reached skill level 5 in Poison Magic
  2866 | D:4      | Learned a level 3 spell: Conjure Flame
  2867 | D:4      | Noticed Grinder
  2880 | D:4      | Killed Grinder
  2880 | D:4      | Reached skill level 5 in Conjurations
  2880 | D:4      | Reached XP level 7. HP: 7/41 MP: 5/11
  3037 | D:4      | Noticed Karaelmas's ghost (weakling DsBe)
  3042 | D:4      | Killed Karaelmas's ghost
  3147 | D:4      | Noticed a giant frog
  3153 | D:4      | Killed a giant frog
  3365 | D:4      | Noticed a phantom
  3379 | D:4      | Reached skill level 6 in Conjurations
  3438 | D:4      | Upgraded the game from 0.17-a0-473-gfd9ac06 to 0.17-a0-483-g810ce3f
  3455 | D:4      | Killed a phantom
  3455 | D:4      | Acquired Sif Muna's second power
  3509 | D:4      | Reached XP level 8. HP: 43/46 MP: 3/12
  3714 | D:4      | Found a snail-covered altar of Cheibriados.
  3830 | D:5      | Entered Level 5 of the Dungeon
  3892 | D:5      | Noticed Sigmund
  3912 | D:5      | Killed Sigmund
  4049 | D:5      | Reached skill level 7 in Conjurations
  4137 | D:5      | Noticed Menkaure
  4155 | D:5      | Killed Menkaure
  5122 | D:5      | Reached skill level 8 in Conjurations
  5443 | D:6      | Got a twisted short sword
  5457 | D:6      | Reached skill level 5 in Dodging
  5457 | D:6      | Reached XP level 9. HP: 51/51 MP: 3/13
  6197 | D:6      | Identified the +8 short sword of Icux {antimagic, +Inv rC+ rN++ Dex+3} (You found it on level 6 of the Dungeon)
  6421 | D:6      | Found a basalt altar of Yredelemnul.
  6449 | D:6      | Upgraded the game from 0.17-a0-483-g810ce3f to 0.17-a0-484-g0e03f6a
  6939 | D:6      | Found Papamusa's Magic Scroll Boutique.
  7002 | D:7      | Reached skill level 9 in Conjurations
  7217 | D:7      | Found a white marble altar of Elyvilon.
  7814 | D:7      | Found a sparkling altar of Nemelex Xobeh.
  7814 | D:7      | Found an opulent altar of Gozag.
  7885 | D:7      | Found a glowing golden altar of the Shining One.
  8305 | D:8      | Found a staircase to the Lair.
  8365 | D:8      | Found a glowing golden altar of the Shining One.
  9037 | D:8      | Reached XP level 10. HP: 56/56 MP: 4/14
  9115 | D:8      | Reached skill level 1 in Fighting
  9255 | D:7      | Acquired Sif Muna's third power
  9627 | D:7      | HP: 3/61 [warg (12)]
  9629 | D:7      | Slain by a warg

Action                   |  1- 3 |  4- 6 |  7- 9 | 10-12 || total
-------------------------+-------+-------+-------+-------++-------
Melee: Dagger            |    13 |    36 |   399 |    38 ||   486
       Unarmed           |     2 |       |       |       ||     2
       Spear             |    36 |    31 |       |       ||    67
 Cast: Magic Dart        |    60 |    71 |   266 |    58 ||   455
       Mephitic Cloud    |     1 |     4 |    17 |     5 ||    27
       Repel Missiles    |     1 |     1 |       |     1 ||     3
       Blink             |       |     2 |     8 |     3 ||    13
       Conjure Flame     |       |       |     8 |     1 ||     9
Invok: Channel Energy    |       |       |     3 |       ||     3
Evoke: Wand              |       |     3 |    12 |     3 ||    18
  Use: Scroll            |     8 |     3 |     8 |       ||    19
       Potion            |     1 |     5 |     7 |     1 ||    14
 Stab: Sleeping          |     2 |     4 |     4 |     1 ||    11
       Confused          |       |       |     1 |       ||     1
       Distracted        |       |       |     1 |       ||     1
  Eat: Chunk             |     2 |     3 |    16 |     3 ||    24
       Bread ration      |       |     1 |       |       ||     1
       Pizza             |       |       |     1 |       ||     1
       Beef jerky        |       |       |     1 |       ||     1
